Little Stars vs Marlies
Created - April 17, 2025 at 19:44
Goals
|
| Little Stars |
3 |
1 |
0 |
4 |
| Marlies |
0 |
0 |
3 |
3 |
|
Shots
|
| Little Stars |
17 |
8 |
6 |
31 |
| Marlies |
11 |
8 |
12 |
31 |
|
1st period
1. Little Stars , Matt Luff 28 (Jason Dickinson 43, Emile Poirier 23) at 5:04
2. Little Stars , Jean-Christophe Beaudin 3 (Ville Pokka 20) at 9:55
3. Little Stars , Emile Poirier 12 (Jason Dickinson 44, Justin Auger 12) at 15:54
Penalties :
Keaton Thompson (Tor) for Delaying the game (Minor) at 6:15, Ville Pokka (Tex) for High sticking (Minor) at 19:00
2nd period
4. Little Stars , Samuel Girard 13 (Jonathan Dahlen 20, Reece Willcox 26) at 15:34
Penalties :
Arthur Kaliyev (Tor) for Delaying the game (Minor) at 4:59, Otto Koivula (Tor) for Diving (Minor) at 12:45, Daniel O'regan (Tex) for Hooking (Minor) at 18:00
3rd period
5. Marlies , Pierre-Olivier Joseph 10 (Joel Farabee 35, Aleksi Saarela 40) at 7:57 (PP)
6. Marlies , Alex Formenton 18 (Kole Sherwood 11) at 9:32
7. Marlies , Mathieu Olivier 27 (Tyler Benson 40, Pierre-Olivier Joseph 54) at 11:28 (PP)
Penalties :
Ville Pokka (Tex) for Hooking (Minor) at 7:43, Ville Pokka (Tex) for High sticking (Minor) at 10:55, Aidan Mcdonough (Tex) for Tripping (Minor) at 17:48
Goalie Stats
Danil Tarasov (Tex), 28 saves from 31 shots - (0.903), W, 23-24-5, 60:00 minutes
Logan Thompson (Tor), 27 saves from 31 shots - (0.871), L, 16-20-3, 60:00 minutes
Players Stats for Little Stars
Player Name G A P +/- PIM S H SB GA TA FO MP PP MP PK MP
------------------------------------------------------------------------------------
Aidan Mcdonough 0 0 0 1 2 0 1 1 0 0 0/0 6:14 0:00 0:00
Cal Burke 0 0 0 1 0 0 0 0 0 0 0/0 6:06 0:00 0:00
Connor Mackey 0 0 0 0 0 0 0 0 0 0 0/0 10:55 0:00 1:18
Daniel O'regan 0 0 0 0 2 2 2 0 0 0 22/36 23:11 3:27 3:03
Emile Poirier 1 1 2 2 0 1 0 0 1 1 0/1 17:47 2:24 2:21
Ilya Mikheyev 0 0 0 0 0 5 3 1 2 1 0/0 19:56 3:27 0:00
Jason Dickinson 0 2 2 2 0 6 3 0 0 0 14/21 18:02 2:24 2:45
Jean-Christophe Beaudin 1 0 1 1 0 2 1 0 1 0 0/0 7:14 0:06 0:47
Jonathan Dahlen 0 1 1 0 0 0 1 0 0 0 0/0 11:57 0:06 0:07
Justin Auger 0 1 1 0 0 1 1 0 1 0 0/0 11:50 0:06 0:00
Lawrence Pilut 0 0 0 0 0 0 0 0 0 0 0/0 9:36 0:00 0:00
Matt Luff 1 0 1 2 0 4 1 0 2 2 0/0 15:17 2:24 0:00
Radel Fazleev 0 0 0 0 0 2 0 0 1 0 4/8 11:29 0:00 0:09
Reece Willcox 0 1 1 2 0 0 6 2 0 2 0/0 28:53 3:06 3:35
Samuel Girard 1 0 1 2 0 4 3 1 2 0 0/0 28:53 3:06 3:35
Shane Gersich 0 0 0 0 0 3 1 1 1 1 1/1 24:10 3:27 4:16
Tucker Poolman 0 0 0 1 0 0 0 0 0 0 0/0 21:31 2:51 3:09
Ville Pokka 0 1 1 1 6 1 0 1 0 0 0/0 20:10 2:51 1:51
Players Stats for Marlies
Player Name G A P +/- PIM S H SB GA TA FO MP PP MP PK MP
------------------------------------------------------------------------------------
Aleksi Saarela 0 1 1 -1 0 3 0 0 0 0 17/40 23:54 3:39 3:40
Alex Formenton 1 0 1 0 0 1 2 0 0 0 0/1 10:45 0:13 0:37
Arthur Kaliyev 0 0 0 -1 2 1 0 0 0 0 0/1 7:29 0:00 0:00
Dennis Gilbert 0 0 0 -1 0 0 0 0 0 0 0/0 11:19 0:00 0:31
Dmitri Samorukov 0 0 0 -1 0 0 0 1 0 0 0/0 10:48 0:00 0:00
Isac Lundestrom 0 0 0 -1 0 1 0 0 0 0 2/2 7:17 0:13 0:00
Joel Farabee 0 1 1 -1 0 4 3 0 1 1 0/0 19:46 3:39 0:00
Keaton Thompson 0 0 0 0 2 0 3 0 0 0 0/0 20:08 3:04 2:02
Kole Sherwood 0 1 1 0 0 4 2 2 1 1 0/0 10:08 0:13 0:00
Lias Andersson 0 0 0 -1 0 1 1 0 0 0 3/14 18:14 2:52 1:31
Lucas Carlsson 0 0 0 0 0 0 0 0 1 5 0/0 20:30 3:04 2:33
Martin Necas 0 0 0 -1 0 1 2 0 0 0 0/0 19:46 3:39 0:00
Mathieu Olivier 1 0 1 -1 0 6 1 0 2 1 0/0 18:14 2:52 1:31
Matthew Highmore 0 0 0 0 0 0 0 1 0 0 4/8 10:51 0:00 1:02
Otto Koivula 0 0 0 -1 2 1 1 0 0 1 0/0 7:15 0:00 0:00
Pierre-Olivier Joseph 1 1 2 -2 0 4 1 3 1 0 0/0 28:42 3:40 3:24
Rasmus Dahlin 0 0 0 -2 0 3 0 3 1 2 0/0 28:42 3:40 3:24
Tyler Benson 0 1 1 -1 0 1 2 0 0 0 0/1 20:12 2:52 3:33
3 Stars
1 - Emile Poirier (Tex)
2 - Samuel Girard (Tex)
3 - Jason Dickinson (Tex)
Power Play
Little Stars - 0 on 3 Attempt(s) - 0.00%
Marlies - 2 on 5 Attempt(s) - 40.00%
Penalty Kill
Little Stars - 3 on 5 Attempt(s) - 60.00%
- Score 0 goal in Penalty Kill
Marlies - 3 on 3 Attempt(s) - 100.00%
- Score 0 goal in Penalty Kill
Team Stat
Little Stars - Hits : 23 - Faceoff Wins : 41 - Blocked Shots : 7 - Penalty Minutes : 10
Marlies - Hits : 18 - Faceoff Wins : 26 - Blocked Shots : 10 - Penalty Minutes : 6
Official
Referees : Tim Peel and Marc Joannette
Linesman : Steve Miller and Jonny Murray
Game Notes
No Game Note
Finance
Level 1 -- Attendance: 1987 (99.35%) -- Ticket Income $139,090
Level 2 -- Attendance: 889 (88.90%) -- Ticket Income $35,560
Total Attendance: 2876 (95.87%)
Total Ticket Income: $174,650
Other Income: $8,732
Total Income: $183,382
Little Stars
5 vs 5 Forward
Center Left Wing Right Wing Time % Phy DF OF
1 Daniel O'regan Shane Gersich Ilya Mikheyev 40 1 2 2
2 Jason Dickinson Emile Poirier Matt Luff 30 1 2 2
3 Radel Fazleev Jonathan Dahlen Justin Auger 20 1 2 2
4 Jean-Christophe Beaudin Aidan Mcdonough Cal Burke 10 1 2 2
5 vs 5 Defense
Defense Defense Time % Phy DF OF
1 Reece Willcox Samuel Girard 40 1 2 2
2 Tucker Poolman Ville Pokka 30 1 2 2
3 Connor Mackey Lawrence Pilut 20 1 2 2
4 Reece Willcox Samuel Girard 10 1 2 2
PowerPlay Forward
Center Left Wing Right Wing Time % Phy DF OF
1 Daniel O'regan Shane Gersich Ilya Mikheyev 60 1 2 2
2 Jason Dickinson Emile Poirier Matt Luff 40 1 2 2
PowerPlay Defense
Defense Defense Time % Phy DF OF
1 Reece Willcox Samuel Girard 60 1 2 2
2 Tucker Poolman Ville Pokka 40 1 2 2
Penalty Kill 4 Players Forward
Center Wing Time % Phy DF OF
1 Daniel O'regan Shane Gersich 60 1 2 2
2 Jason Dickinson Emile Poirier 40 1 2 2
Penalty Kill 4 Players Defense
Defense Defense Time % Phy DF OF
1 Reece Willcox Samuel Girard 60 1 2 2
2 Tucker Poolman Ville Pokka 40 1 2 2
Penalty Kill - 3 Players Forward
Forward Time % Phy DF OF
1 Daniel O'regan 60 1 2 2
2 Jason Dickinson 40 1 2 2
Penalty Kill - 3 Players Defense
Defense Defense Time % Phy DF OF
1 Reece Willcox Samuel Girard 60 1 2 2
2 Tucker Poolman Ville Pokka 40 1 2 2
4 vs 4 Forward
Center Wing Time % Phy DF OF
1 Daniel O'regan Shane Gersich 60 1 2 2
2 Jason Dickinson Emile Poirier 40 1 2 2
4 vs 4 Defense
Defense Defense Time % Phy DF OF
1 Reece Willcox Samuel Girard 60 1 2 2
2 Tucker Poolman Ville Pokka 40 1 2 2
Last Minutes Offensive
Center Left Wing Right Wing Defense Defense
Daniel O'regan Shane Gersich Ilya Mikheyev Reece Willcox Samuel Girard
Last Minutes Defensive
Center Left Wing Right Wing Defense Defense
Daniel O'regan Shane Gersich Ilya Mikheyev Reece Willcox Samuel Girard
Goaltenders
Starting : Danil Tarasov
Backup : Ilya Konovalov
Extra Forwards
Normal : Jason Dickinson, Emile Poirier, Justin Auger - PP : Jason Dickinson, Emile Poirier - PK : Jason Dickinson
Extra Defensemen
Normal : Ville Pokka, Connor Mackey, Lawrence Pilut - PP : Ville Pokka - PK : Ville Pokka, Connor Mackey
Penalty Shots
Ilya Mikheyev, Daniel O'regan, Matt Luff, Shane Gersich, Jason Dickinson
Custom OT Lines Forwards
Ilya Mikheyev, Daniel O'regan, Matt Luff, Shane Gersich, Jason Dickinson, Emile Poirier, Justin Auger, Radel Fazleev, Jonathan Dahlen, Aidan Mcdonough
Custom OT Lines Defensemen
Reece Willcox, Samuel Girard, Tucker Poolman, Ville Pokka, Connor Mackey
Scratches
Filip Chytil (Healthy), Jack McBain (Healthy), Rudolfs Balcers (Healthy), Yakov Trenin (Healthy), Joey Anderson (Healthy)
Givani Smith (Healthy), Blade Jenkins (Healthy), Bulat Shafigullin (Healthy), Victor Soderstrom (Healthy), Rhett Pitlick (Healthy)
Michael Giugovaz (Healthy)
Marlies
5 vs 5 Forward
Center Left Wing Right Wing Time % Phy DF OF
1 Aleksi Saarela Joel Farabee Martin Necas 40 1 2 2
2 Lias Andersson Tyler Benson Mathieu Olivier 30 1 2 2
3 Matthew Highmore Alex Formenton Kole Sherwood 20 1 2 2
4 Isac Lundestrom Otto Koivula Arthur Kaliyev 10 1 2 2
5 vs 5 Defense
Defense Defense Time % Phy DF OF
1 Pierre-Olivier Joseph Rasmus Dahlin 40 1 2 2
2 Lucas Carlsson Keaton Thompson 30 1 2 2
3 Dmitri Samorukov Dennis Gilbert 20 1 2 2
4 Rasmus Dahlin Pierre-Olivier Joseph 10 1 2 2
PowerPlay Forward
Center Left Wing Right Wing Time % Phy DF OF
1 Aleksi Saarela Joel Farabee Martin Necas 60 1 2 2
2 Lias Andersson Tyler Benson Mathieu Olivier 40 1 2 2
PowerPlay Defense
Defense Defense Time % Phy DF OF
1 Pierre-Olivier Joseph Rasmus Dahlin 60 1 2 2
2 Lucas Carlsson Keaton Thompson 40 1 2 2
Penalty Kill 4 Players Forward
Center Wing Time % Phy DF OF
1 Aleksi Saarela Tyler Benson 60 1 2 2
2 Lias Andersson Mathieu Olivier 40 1 2 2
Penalty Kill 4 Players Defense
Defense Defense Time % Phy DF OF
1 Pierre-Olivier Joseph Rasmus Dahlin 60 1 2 2
2 Lucas Carlsson Keaton Thompson 40 1 2 2
Penalty Kill - 3 Players Forward
Forward Time % Phy DF OF
1 Aleksi Saarela 60 1 2 2
2 Lias Andersson 40 1 2 2
Penalty Kill - 3 Players Defense
Defense Defense Time % Phy DF OF
1 Pierre-Olivier Joseph Rasmus Dahlin 60 1 2 2
2 Lucas Carlsson Keaton Thompson 40 1 2 2
4 vs 4 Forward
Center Wing Time % Phy DF OF
1 Aleksi Saarela Tyler Benson 60 1 2 2
2 Lias Andersson Martin Necas 40 1 2 2
4 vs 4 Defense
Defense Defense Time % Phy DF OF
1 Pierre-Olivier Joseph Rasmus Dahlin 60 1 2 2
2 Lucas Carlsson Keaton Thompson 40 1 2 2
Last Minutes Offensive
Center Left Wing Right Wing Defense Defense
Aleksi Saarela Joel Farabee Martin Necas Pierre-Olivier Joseph Rasmus Dahlin
Last Minutes Defensive
Center Left Wing Right Wing Defense Defense
Aleksi Saarela Tyler Benson Mathieu Olivier Pierre-Olivier Joseph Lucas Carlsson
Goaltenders
Starting : Logan Thompson
Backup : Maxime Lagace
Extra Forwards
Normal : Tyler Benson, Joel Farabee, Otto Koivula - PP : Tyler Benson, Mathieu Olivier - PK : Matthew Highmore
Extra Defensemen
Normal : Lucas Carlsson, Dmitri Samorukov, Rasmus Dahlin - PP : Dmitri Samorukov - PK : Keaton Thompson, Dennis Gilbert
Penalty Shots
Tyler Benson, Martin Necas, Joel Farabee, Alex Formenton, Kole Sherwood
Custom OT Lines Forwards
Aleksi Saarela, Tyler Benson, Martin Necas, Mathieu Olivier, Alex Formenton, Joel Farabee, Kole Sherwood, Lias Andersson, Matthew Highmore, Otto Koivula
Custom OT Lines Defensemen
Pierre-Olivier Joseph, Rasmus Dahlin, Lucas Carlsson, Keaton Thompson, Dennis Gilbert
Scratches
Jonathan Gruden (Healthy), Jakob Forsbacka-Karlsson (Healthy), Jacob Bernard-Docker (Healthy), Xavier Bernard (Healthy), Jonathan Davidsson (Healthy)
Hugh McGing (Healthy), Jan Jenik (Healthy), Blake Murray (Healthy), Vasili Podkolzin (Healthy), Samuel Fagemo (Healthy)
Veini Vehvilainen (Healthy), Matthew Thiessen (Healthy)
% Time on Ice - Little Stars
Lines # - Real PCT - Wanted PCT - Time Play
Normal Forward
1 - 36% - 40% - 16:57
2 - 27% - 30% - 12:53
3 - 24% - 20% - 11:20
4 - 13% - 10% - 6:06
Normal Defense
1 - 43% - 40% - 20:09
2 - 33% - 30% - 15:31
3 - 20% - 20% - 9:36
4 - 4% - 10% - 2:00
PP Forward
1 - 60% - 60% - 3:33
2 - 40% - 40% - 2:24
PP Defense
1 - 52% - 60% - 3:06
2 - 48% - 40% - 2:51
PK Forward
1 - 86% - 60% - 5:48
2 - 14% - 40% - 0:56
PK Defense
1 - 53% - 60% - 3:35
2 - 47% - 40% - 3:09
PK3 Forward
1 - 0% - 60%
2 - 0% - 40%
PK3 Defense
1 - 0% - 60%
2 - 0% - 40%
44 Forward
1 - 0% - 60%
2 - 0% - 40%
44 Defense
1 - 0% - 60%
2 - 0% - 40%
Last Minute Offensive - 0:00
Last Minute Defensive - 0:03
Total
Forward - 60:00
Defense - 60:00
|
% Time on Ice - Marlies
Lines # - Real PCT - Wanted PCT - Time Play
Normal Forward
1 - 35% - 40% - 16:35
2 - 29% - 30% - 13:51
3 - 21% - 20% - 9:49
4 - 15% - 10% - 6:58
Normal Defense
1 - 41% - 40% - 19:26
2 - 32% - 30% - 14:53
3 - 23% - 20% - 10:42
4 - 5% - 10% - 2:12
PP Forward
1 - 57% - 60% - 3:52
2 - 43% - 40% - 2:52
PP Defense
1 - 54% - 60% - 3:40
2 - 46% - 40% - 3:04
PK Forward
1 - 75% - 60% - 4:26
2 - 25% - 40% - 1:31
PK Defense
1 - 57% - 60% - 3:24
2 - 43% - 40% - 2:33
PK3 Forward
1 - 0% - 60%
2 - 0% - 40%
PK3 Defense
1 - 0% - 60%
2 - 0% - 40%
44 Forward
1 - 0% - 60%
2 - 0% - 40%
44 Defense
1 - 0% - 60%
2 - 0% - 40%
Last Minute Offensive - 0:06
Last Minute Defensive - 0:00
Total
Forward - 60:00
Defense - 60:00
|
Play-by-Play
1st period
0:01 of 1st period - Aleksi Saarela wins face-off versus Daniel O'regan in neutral zone.
0:06 of 1st period - Wrist shot by Joel Farabee.
0:06 of 1st period - Stopped by Danil Tarasov without a rebound.
0:07 of 1st period - Daniel O'regan wins face-off versus Aleksi Saarela in Little Stars zone.
0:12 of 1st period - Slapshot by Aleksi Saarela.
0:12 of 1st period - Shot Misses the Net.
0:14 of 1st period - Snap shot by Rasmus Dahlin.
0:14 of 1st period - Deflect By Joel Farabee.
0:14 of 1st period - Shot Misses the Net.
0:14 of 1st period - Puck is out of play.
0:15 of 1st period - Jason Dickinson wins face-off versus Lias Andersson in Little Stars zone.
0:22 of 1st period - Wrist shot by Jason Dickinson.
0:22 of 1st period - Stopped by Logan Thompson with a rebound.
0:24 of 1st period - Slapshot by Ville Pokka.
0:24 of 1st period - Shot Misses the Net.
0:26 of 1st period - Snap shot by Jason Dickinson.
0:26 of 1st period - Stopped by Logan Thompson without a rebound.
0:27 of 1st period - Matthew Highmore wins face-off versus Radel Fazleev in Marlies zone.
0:34 of 1st period - Off-side.
0:35 of 1st period - Radel Fazleev wins face-off versus Matthew Highmore in neutral zone.
0:38 of 1st period - Dmitri Samorukov is hit by Justin Auger.
0:44 of 1st period - Snap shot by Justin Auger.
0:44 of 1st period - Stopped by Logan Thompson with a rebound.
2:16 of 1st period - Snap shot by Otto Koivula.
2:16 of 1st period - Stopped by Danil Tarasov without a rebound.
2:17 of 1st period - Daniel O'regan wins face-off versus Matthew Highmore in Little Stars zone.
2:43 of 1st period - Tyler Benson is hit by Jason Dickinson and loses puck.
3:51 of 1st period - Slapshot by Pierre-Olivier Joseph.
3:51 of 1st period - Stopped by Danil Tarasov without a rebound.
3:52 of 1st period - Aleksi Saarela wins face-off versus Jason Dickinson in Little Stars zone.
4:08 of 1st period - Icing by Lucas Carlsson.
4:09 of 1st period - Aleksi Saarela wins face-off versus Daniel O'regan in Marlies zone.
4:14 of 1st period - Snap shot by Martin Necas.
4:14 of 1st period - Stopped by Danil Tarasov with a rebound.
4:16 of 1st period - Snap shot by Martin Necas.
4:16 of 1st period - Deflect By Aleksi Saarela.
4:16 of 1st period - Shot Misses the Net.
4:16 of 1st period - Puck is out of play.
4:17 of 1st period - Daniel O'regan wins face-off versus Lias Andersson in Little Stars zone.
4:17 of 1st period - Daniel O'regan is hit by Keaton Thompson.
4:27 of 1st period - Snap shot by Daniel O'regan.
4:27 of 1st period - Stopped by Logan Thompson without a rebound.
4:28 of 1st period - Daniel O'regan wins face-off versus Tyler Benson in Marlies zone.
4:53 of 1st period - Keaton Thompson is hit by Reece Willcox and loses puck.
5:04 of 1st period - Slapshot by Matt Luff.
5:04 of 1st period - Goal by Matt Luff - Little Stars : 1 - Marlies : 0.
5:05 of 1st period - Daniel O'regan wins face-off versus Lias Andersson in neutral zone.
5:54 of 1st period - Wrist shot by Daniel O'regan.
5:54 of 1st period - Shot Blocked by Kole Sherwood.
5:56 of 1st period - Slapshot by Reece Willcox.
5:56 of 1st period - Shot Blocked by Rasmus Dahlin.
6:00 of 1st period - Wrist shot by Daniel O'regan.
6:00 of 1st period - Shot Misses the Net.
6:02 of 1st period - Snap shot by Ilya Mikheyev.
6:02 of 1st period - Stopped by Logan Thompson with a rebound.
6:04 of 1st period - Snap shot by Daniel O'regan.
6:04 of 1st period - Shot Misses the Net.
6:06 of 1st period - Slapshot by Ilya Mikheyev.
6:06 of 1st period - Stopped by Logan Thompson without a rebound.
6:07 of 1st period - Jason Dickinson wins face-off versus Aleksi Saarela in Marlies zone.
6:15 of 1st period - Minor Penalty to Keaton Thompson for Delaying the game.
6:16 of 1st period - Jason Dickinson wins face-off versus Aleksi Saarela in Marlies zone.
6:28 of 1st period - Snap shot by Emile Poirier.
6:28 of 1st period - Deflect By Jason Dickinson.
6:28 of 1st period - Stopped by Logan Thompson without a rebound.
6:29 of 1st period - Aleksi Saarela wins face-off versus Daniel O'regan in Marlies zone.
6:29 of 1st period - Aleksi Saarela is hit by Ilya Mikheyev.
6:39 of 1st period - Snap shot by Ilya Mikheyev.
6:39 of 1st period - Deflect By Aleksi Saarela.
6:39 of 1st period - Stopped by Logan Thompson without a rebound.
6:40 of 1st period - Daniel O'regan wins face-off versus Aleksi Saarela in Marlies zone.
6:47 of 1st period - Wrist shot by Shane Gersich.
6:47 of 1st period - Shot Misses the Net.
6:57 of 1st period - Snap shot by Ilya Mikheyev.
6:57 of 1st period - Stopped by Logan Thompson without a rebound.
6:58 of 1st period - Aleksi Saarela wins face-off versus Jason Dickinson in Marlies zone.
6:58 of 1st period - Aleksi Saarela is hit by Matt Luff.
7:07 of 1st period - Off-side.
7:08 of 1st period - Jason Dickinson wins face-off versus Aleksi Saarela in neutral zone.
7:42 of 1st period - Wrist shot by Matt Luff.
7:42 of 1st period - Stopped by Logan Thompson without a rebound.
7:43 of 1st period - Daniel O'regan wins face-off versus Lias Andersson in Marlies zone.
8:15 of 1st period - Penalty to Keaton Thompson is over, Keaton Thompson is back on ice.
8:50 of 1st period - Arthur Kaliyev is hit by Aidan Mcdonough and loses puck.
8:57 of 1st period - Slapshot by Rasmus Dahlin.
8:57 of 1st period - Shot Blocked by Aidan Mcdonough.
9:07 of 1st period - Wrist shot by Isac Lundestrom.
9:07 of 1st period - Stopped by Danil Tarasov without a rebound.
9:08 of 1st period - Jason Dickinson wins face-off versus Aleksi Saarela in Little Stars zone.
9:55 of 1st period - Snap shot by Jean-Christophe Beaudin.
9:55 of 1st period - Goal by Jean-Christophe Beaudin - Little Stars : 2 - Marlies : 0.
9:56 of 1st period - Jason Dickinson wins face-off versus Aleksi Saarela in neutral zone.
11:14 of 1st period - Wrist shot by Aidan Mcdonough.
11:14 of 1st period - Deflect By Jean-Christophe Beaudin.
11:14 of 1st period - Stopped by Logan Thompson with a rebound.
11:33 of 1st period - Snap shot by Matt Luff.
11:33 of 1st period - Stopped by Logan Thompson without a rebound.
11:34 of 1st period - Daniel O'regan wins face-off versus Lias Andersson in Marlies zone.
12:01 of 1st period - Jason Dickinson is hit by Joel Farabee and loses puck.
12:05 of 1st period - Icing by Ville Pokka.
12:06 of 1st period - Aleksi Saarela wins face-off versus Jason Dickinson in Little Stars zone.
12:11 of 1st period - Wrist shot by Aleksi Saarela.
12:11 of 1st period - Stopped by Danil Tarasov with a rebound.
12:33 of 1st period - Wrist shot by Emile Poirier.
12:33 of 1st period - Deflect By Matt Luff.
12:33 of 1st period - Shot Blocked by Kole Sherwood.
12:33 of 1st period - Puck is out of play.
12:34 of 1st period - Aleksi Saarela wins face-off versus Daniel O'regan in Marlies zone.
12:49 of 1st period - Snap shot by Joel Farabee.
12:49 of 1st period - Stopped by Danil Tarasov with a rebound.
13:20 of 1st period - Slapshot by Reece Willcox.
13:20 of 1st period - Deflect By Emile Poirier.
13:20 of 1st period - Shot Misses the Net.
13:20 of 1st period - Puck is out of play.
13:21 of 1st period - Jason Dickinson wins face-off versus Matthew Highmore in Marlies zone.
13:46 of 1st period - Aleksi Saarela is hit by Shane Gersich and loses puck.
13:58 of 1st period - Off-side.
13:59 of 1st period - Lias Andersson wins face-off versus Radel Fazleev in neutral zone.
14:02 of 1st period - Jonathan Dahlen is hit by Tyler Benson and loses puck.
14:26 of 1st period - Daniel O'regan is hit by Keaton Thompson.
14:32 of 1st period - Wrist shot by Joel Farabee.
14:32 of 1st period - Shot Blocked by Ilya Mikheyev.
14:50 of 1st period - Off-side.
14:51 of 1st period - Matthew Highmore wins face-off versus Jason Dickinson in neutral zone.
15:01 of 1st period - Off-side.
15:02 of 1st period - Aleksi Saarela wins face-off versus Daniel O'regan in neutral zone.
15:05 of 1st period - Ilya Mikheyev is hit by Joel Farabee and loses puck.
15:54 of 1st period - Snap shot by Emile Poirier.
15:54 of 1st period - Goal by Emile Poirier - Little Stars : 3 - Marlies : 0.
15:55 of 1st period - Daniel O'regan wins face-off versus Aleksi Saarela in neutral zone.
15:58 of 1st period - Joel Farabee is hit by Daniel O'regan and loses puck.
16:21 of 1st period - Joel Farabee is hit by Ilya Mikheyev and loses puck.
16:41 of 1st period - Snap shot by Joel Farabee.
16:41 of 1st period - Shot Misses the Net.
16:43 of 1st period - Slapshot by Rasmus Dahlin.
16:43 of 1st period - Deflect By Daniel O'regan.
16:43 of 1st period - Stopped by Danil Tarasov with a rebound.
16:45 of 1st period - Slapshot by Rasmus Dahlin.
16:45 of 1st period - Stopped by Danil Tarasov without a rebound.
16:46 of 1st period - Jason Dickinson wins face-off versus Lias Andersson in Little Stars zone.
16:53 of 1st period - Backhand shot by Matt Luff.
16:53 of 1st period - Deflect By Emile Poirier.
16:53 of 1st period - Shot Misses the Net.
16:53 of 1st period - Puck is out of play.
16:54 of 1st period - Lias Andersson wins face-off versus Emile Poirier in Marlies zone.
17:08 of 1st period - Wrist shot by Jason Dickinson.
17:08 of 1st period - Stopped by Logan Thompson with a rebound.
17:11 of 1st period - Icing by Lias Andersson.
17:12 of 1st period - Daniel O'regan wins face-off versus Lias Andersson in Marlies zone.
17:21 of 1st period - Snap shot by Tyler Benson.
17:21 of 1st period - Stopped by Danil Tarasov with a rebound.
17:23 of 1st period - Slapshot by Tyler Benson.
17:23 of 1st period - Shot Misses the Net.
17:25 of 1st period - Wrist shot by Mathieu Olivier.
17:25 of 1st period - Stopped by Danil Tarasov with a rebound.
17:45 of 1st period - Wrist shot by Samuel Girard.
17:45 of 1st period - Stopped by Logan Thompson without a rebound.
17:46 of 1st period - Aleksi Saarela wins face-off versus Radel Fazleev in Marlies zone.
17:57 of 1st period - Snap shot by Aleksi Saarela.
17:57 of 1st period - Deflect By Connor Mackey.
17:57 of 1st period - Shot Misses the Net.
17:57 of 1st period - Puck is out of play.
17:58 of 1st period - Jason Dickinson wins face-off versus Aleksi Saarela in Little Stars zone.
18:24 of 1st period - Jonathan Dahlen is hit by Kole Sherwood and loses puck.
19:00 of 1st period - Minor Penalty to Ville Pokka for High sticking.
19:01 of 1st period - Daniel O'regan wins face-off versus Aleksi Saarela in Little Stars zone.
19:55 of 1st period - Tucker Poolman is hit by Lias Andersson.
Goals for this period are 3 for Little Stars vs 0 for Marlies.
Shots for this period are 17 for Little Stars vs 11 for Marlies.
2nd period
0:01 of 2nd period - Daniel O'regan wins face-off versus Aleksi Saarela in neutral zone.
1:00 of 2nd period - Penalty to Ville Pokka is over, Ville Pokka is back on ice.
1:35 of 2nd period - Isac Lundestrom is hit by Reece Willcox and loses puck.
2:00 of 2nd period - Snap shot by Aleksi Saarela.
2:00 of 2nd period - Stopped by Danil Tarasov without a rebound.
2:01 of 2nd period - Radel Fazleev wins face-off versus Lias Andersson in Little Stars zone.
2:01 of 2nd period - Radel Fazleev is hit by Mathieu Olivier.
2:36 of 2nd period - Snap shot by Matthew Highmore.
2:36 of 2nd period - Deflect By Kole Sherwood.
2:36 of 2nd period - Stopped by Danil Tarasov with a rebound.
2:54 of 2nd period - Snap shot by Ilya Mikheyev.
2:54 of 2nd period - Stopped by Logan Thompson without a rebound.
2:55 of 2nd period - Aleksi Saarela wins face-off versus Daniel O'regan in Marlies zone.
2:55 of 2nd period - Aleksi Saarela is hit by Reece Willcox.
3:50 of 2nd period - Snap shot by Jean-Christophe Beaudin.
3:50 of 2nd period - Shot Misses the Net.
4:30 of 2nd period - Wrist shot by Arthur Kaliyev.
4:30 of 2nd period - Stopped by Danil Tarasov without a rebound.
4:31 of 2nd period - Isac Lundestrom wins face-off versus Daniel O'regan in Little Stars zone.
4:32 of 2nd period - Snap shot by Pierre-Olivier Joseph.
4:32 of 2nd period - Deflect By Daniel O'regan.
4:32 of 2nd period - Stopped by Danil Tarasov with a rebound.
4:50 of 2nd period - Snap shot by Shane Gersich.
4:50 of 2nd period - Stopped by Logan Thompson with a rebound.
4:52 of 2nd period - Slapshot by Shane Gersich.
4:52 of 2nd period - Shot Blocked by Rasmus Dahlin.
4:59 of 2nd period - Minor Penalty to Arthur Kaliyev for Delaying the game.
5:00 of 2nd period - Daniel O'regan wins face-off versus Aleksi Saarela in Marlies zone.
5:16 of 2nd period - Rasmus Dahlin is hit by Ilya Mikheyev and loses puck.
6:59 of 2nd period - Penalty to Arthur Kaliyev is over, Arthur Kaliyev is back on ice.
6:59 of 2nd period - Mathieu Olivier is hit by Jean-Christophe Beaudin and loses puck.
8:48 of 2nd period - Matt Luff is hit by Martin Necas and loses puck.
9:11 of 2nd period - Jonathan Dahlen is hit by Kole Sherwood and loses puck.
11:40 of 2nd period - Tucker Poolman is hit by Otto Koivula and loses puck.
11:47 of 2nd period - Otto Koivula is hit by Reece Willcox and loses puck.
12:02 of 2nd period - Slapshot by Emile Poirier.
12:02 of 2nd period - Shot Misses the Net.
12:04 of 2nd period - Wrist shot by Jason Dickinson.
12:04 of 2nd period - Shot Misses the Net.
12:06 of 2nd period - Wrist shot by Jason Dickinson.
12:06 of 2nd period - Shot Misses the Net.
12:45 of 2nd period - Minor Penalty to Otto Koivula for Diving.
12:46 of 2nd period - Aleksi Saarela wins face-off versus Daniel O'regan in Marlies zone.
13:59 of 2nd period - Ilya Mikheyev is hit by Pierre-Olivier Joseph.
14:05 of 2nd period - Shane Gersich is hit by Alex Formenton and loses puck.
14:36 of 2nd period - Slapshot by Shane Gersich.
14:36 of 2nd period - Stopped by Logan Thompson with a rebound.
14:45 of 2nd period - Penalty to Otto Koivula is over, Otto Koivula is back on ice.
15:00 of 2nd period - Snap shot by Shane Gersich.
15:00 of 2nd period - Shot Hit the Post.
15:02 of 2nd period - Slapshot by Ville Pokka.
15:02 of 2nd period - Deflect By Tyler Benson.
15:02 of 2nd period - Stopped by Logan Thompson without a rebound.
15:03 of 2nd period - Jason Dickinson wins face-off versus Alex Formenton in Marlies zone.
15:04 of 2nd period - Snap shot by Matt Luff.
15:04 of 2nd period - Stopped by Logan Thompson without a rebound.
15:05 of 2nd period - Matthew Highmore wins face-off versus Jason Dickinson in Marlies zone.
15:05 of 2nd period - Matthew Highmore is hit by Jason Dickinson.
15:17 of 2nd period - Snap shot by Emile Poirier.
15:17 of 2nd period - Shot Blocked by Dmitri Samorukov.
15:19 of 2nd period - Snap shot by Emile Poirier.
15:19 of 2nd period - Deflect By Jason Dickinson.
15:19 of 2nd period - Shot Blocked by Matthew Highmore.
15:19 of 2nd period - Puck is out of play.
15:20 of 2nd period - Isac Lundestrom wins face-off versus Radel Fazleev in Marlies zone.
15:24 of 2nd period - Off-side.
15:25 of 2nd period - Radel Fazleev wins face-off versus Arthur Kaliyev in neutral zone.
15:34 of 2nd period - Slapshot by Samuel Girard.
15:34 of 2nd period - Deflect By Rasmus Dahlin.
15:34 of 2nd period - Goal by Samuel Girard - Little Stars : 4 - Marlies : 0.
15:35 of 2nd period - Jason Dickinson wins face-off versus Aleksi Saarela in neutral zone.
15:38 of 2nd period - Slapshot by Samuel Girard.
15:38 of 2nd period - Deflect By Martin Necas.
15:38 of 2nd period - Stopped by Logan Thompson without a rebound.
15:39 of 2nd period - Jason Dickinson wins face-off versus Aleksi Saarela in Marlies zone.
16:10 of 2nd period - Slapshot by Rasmus Dahlin.
16:10 of 2nd period - Deflect By Tyler Benson.
16:10 of 2nd period - Shot Blocked by Samuel Girard.
16:10 of 2nd period - Puck is out of play.
16:11 of 2nd period - Daniel O'regan wins face-off versus Aleksi Saarela in Little Stars zone.
16:59 of 2nd period - Snap shot by Radel Fazleev.
16:59 of 2nd period - Stopped by Logan Thompson with a rebound.
17:05 of 2nd period - Wrist shot by Kole Sherwood.
17:05 of 2nd period - Stopped by Danil Tarasov with a rebound.
17:07 of 2nd period - Slapshot by Pierre-Olivier Joseph.
17:07 of 2nd period - Stopped by Danil Tarasov with a rebound.
17:39 of 2nd period - Snap shot by Martin Necas.
17:39 of 2nd period - Deflect By Joel Farabee.
17:39 of 2nd period - Stopped by Danil Tarasov with a rebound.
17:41 of 2nd period - Slapshot by Pierre-Olivier Joseph.
17:41 of 2nd period - Deflect By Joel Farabee.
17:41 of 2nd period - Stopped by Danil Tarasov without a rebound.
17:42 of 2nd period - Aleksi Saarela wins face-off versus Daniel O'regan in Little Stars zone.
18:00 of 2nd period - Minor Penalty to Daniel O'regan for Hooking.
18:01 of 2nd period - Aleksi Saarela wins face-off versus Jason Dickinson in Little Stars zone.
0:00 of 3rd period - Penalty to Daniel O'regan is over, Daniel O'regan is back on ice.
Goals for this period are 1 for Little Stars vs 0 for Marlies.
Shots for this period are 8 for Little Stars vs 8 for Marlies.
3rd period
0:01 of 3rd period - Shane Gersich wins face-off versus Aleksi Saarela in neutral zone.
0:57 of 3rd period - Lawrence Pilut is hit by Alex Formenton and loses puck.
1:43 of 3rd period - Arthur Kaliyev is hit by Reece Willcox and loses puck.
2:00 of 3rd period - Wrist shot by Lias Andersson.
2:00 of 3rd period - Stopped by Danil Tarasov without a rebound.
2:01 of 3rd period - Jason Dickinson wins face-off versus Lias Andersson in Little Stars zone.
2:01 of 3rd period - Jason Dickinson is hit by Tyler Benson.
2:09 of 3rd period - Dennis Gilbert is hit by Jason Dickinson and loses puck.
2:40 of 3rd period - Dmitri Samorukov is hit by Samuel Girard.
2:44 of 3rd period - Tyler Benson is hit by Samuel Girard and loses puck.
2:51 of 3rd period - Snap shot by Jason Dickinson.
2:51 of 3rd period - Stopped by Logan Thompson without a rebound.
2:52 of 3rd period - Daniel O'regan wins face-off versus Aleksi Saarela in Marlies zone.
4:05 of 3rd period - Lucas Carlsson is hit by Daniel O'regan and loses puck.
5:54 of 3rd period - Lias Andersson is hit by Samuel Girard and loses puck.
6:15 of 3rd period - Wrist shot by Jonathan Dahlen.
6:15 of 3rd period - Shot Misses the Net.
6:21 of 3rd period - Snap shot by Jonathan Dahlen.
6:21 of 3rd period - Shot Blocked by Rasmus Dahlin.
6:23 of 3rd period - Snap shot by Radel Fazleev.
6:23 of 3rd period - Stopped by Logan Thompson without a rebound.
6:24 of 3rd period - Daniel O'regan wins face-off versus Aleksi Saarela in Marlies zone.
7:13 of 3rd period - Snap shot by Lias Andersson.
7:13 of 3rd period - Shot Misses the Net.
7:21 of 3rd period - Snap shot by Tyler Benson.
7:21 of 3rd period - Deflect By Lias Andersson.
7:21 of 3rd period - Shot Blocked by Ville Pokka.
7:21 of 3rd period - Puck is out of play.
7:22 of 3rd period - Daniel O'regan wins face-off versus Aleksi Saarela in Little Stars zone.
7:27 of 3rd period - Backhand shot by Tucker Poolman.
7:27 of 3rd period - Shot Blocked by Pierre-Olivier Joseph.
7:37 of 3rd period - Wrist shot by Joel Farabee.
7:37 of 3rd period - Shot Misses the Net.
7:43 of 3rd period - Minor Penalty to Ville Pokka for Hooking.
7:44 of 3rd period - Aleksi Saarela wins face-off versus Daniel O'regan in Little Stars zone.
7:47 of 3rd period - Slapshot by Pierre-Olivier Joseph.
7:47 of 3rd period - Shot Blocked by Shane Gersich.
7:49 of 3rd period - Slapshot by Rasmus Dahlin.
7:49 of 3rd period - Stopped by Danil Tarasov with a rebound.
7:55 of 3rd period - Backhand shot by Joel Farabee.
7:55 of 3rd period - Shot Misses the Net.
7:57 of 3rd period - Snap shot by Pierre-Olivier Joseph.
7:57 of 3rd period - Deflect By Connor Mackey.
7:57 of 3rd period - Goal by Pierre-Olivier Joseph - Little Stars : 4 - Marlies : 1.
7:58 of 3rd period - Aleksi Saarela wins face-off versus Daniel O'regan in neutral zone.
8:03 of 3rd period - Wrist shot by Martin Necas.
8:03 of 3rd period - Shot Misses the Net.
8:31 of 3rd period - Snap shot by Jason Dickinson.
8:31 of 3rd period - Stopped by Logan Thompson without a rebound.
8:32 of 3rd period - Jason Dickinson wins face-off versus Lias Andersson in Marlies zone.
8:43 of 3rd period - Backhand shot by Mathieu Olivier.
8:43 of 3rd period - Shot Misses the Net.
8:45 of 3rd period - Wrist shot by Mathieu Olivier.
8:45 of 3rd period - Stopped by Danil Tarasov without a rebound.
8:46 of 3rd period - Daniel O'regan wins face-off versus Aleksi Saarela in Little Stars zone.
9:32 of 3rd period - Snap shot by Alex Formenton.
9:32 of 3rd period - Goal by Alex Formenton - Little Stars : 4 - Marlies : 2.
9:33 of 3rd period - Aleksi Saarela wins face-off versus Daniel O'regan in neutral zone.
9:36 of 3rd period - Ilya Mikheyev is hit by Joel Farabee and loses puck.
10:26 of 3rd period - Snap shot by Radel Fazleev.
10:26 of 3rd period - Shot Misses the Net.
10:33 of 3rd period - Keaton Thompson is hit by Reece Willcox.
10:52 of 3rd period - Off-side.
10:53 of 3rd period - Daniel O'regan wins face-off versus Aleksi Saarela in neutral zone.
10:55 of 3rd period - Minor Penalty to Ville Pokka for High sticking.
10:56 of 3rd period - Daniel O'regan wins face-off versus Aleksi Saarela in Little Stars zone.
11:11 of 3rd period - Reece Willcox is hit by Martin Necas and loses puck.
11:28 of 3rd period - Slapshot by Mathieu Olivier.
11:28 of 3rd period - Goal by Mathieu Olivier - Little Stars : 4 - Marlies : 3.
11:29 of 3rd period - Daniel O'regan wins face-off versus Aleksi Saarela in neutral zone.
11:36 of 3rd period - Slapshot by Shane Gersich.
11:36 of 3rd period - Stopped by Logan Thompson with a rebound.
11:38 of 3rd period - Wrist shot by Samuel Girard.
11:38 of 3rd period - Deflect By Martin Necas.
11:38 of 3rd period - Stopped by Logan Thompson with a rebound.
11:40 of 3rd period - Slapshot by Daniel O'regan.
11:40 of 3rd period - Shot Blocked by Pierre-Olivier Joseph.
11:42 of 3rd period - Backhand shot by Shane Gersich.
11:42 of 3rd period - Shot Misses the Net.
11:44 of 3rd period - Slapshot by Reece Willcox.
11:44 of 3rd period - Shot Blocked by Pierre-Olivier Joseph.
11:56 of 3rd period - Aleksi Saarela is hit by Jonathan Dahlen and loses puck.
12:07 of 3rd period - Snap shot by Aleksi Saarela.
12:07 of 3rd period - Stopped by Danil Tarasov without a rebound.
12:08 of 3rd period - Daniel O'regan wins face-off versus Lias Andersson in Little Stars zone.
12:15 of 3rd period - Wrist shot by Mathieu Olivier.
12:15 of 3rd period - Stopped by Danil Tarasov without a rebound.
12:16 of 3rd period - Lias Andersson wins face-off versus Daniel O'regan in Little Stars zone.
12:31 of 3rd period - Wrist shot by Lias Andersson.
12:31 of 3rd period - Deflect By Mathieu Olivier.
12:31 of 3rd period - Stopped by Danil Tarasov with a rebound.
12:58 of 3rd period - Icing by Ville Pokka.
12:59 of 3rd period - Radel Fazleev wins face-off versus Matthew Highmore in Little Stars zone.
13:38 of 3rd period - Snap shot by Daniel O'regan.
13:38 of 3rd period - Stopped by Logan Thompson with a rebound.
13:56 of 3rd period - Slapshot by Pierre-Olivier Joseph.
13:56 of 3rd period - Shot Blocked by Reece Willcox.
13:58 of 3rd period - Slapshot by Pierre-Olivier Joseph.
13:58 of 3rd period - Shot Misses the Net.
14:34 of 3rd period - Wrist shot by Kole Sherwood.
14:34 of 3rd period - Stopped by Danil Tarasov with a rebound.
14:36 of 3rd period - Snap shot by Matthew Highmore.
14:36 of 3rd period - Shot Misses the Net.
15:20 of 3rd period - Snap shot by Mathieu Olivier.
15:20 of 3rd period - Stopped by Danil Tarasov without a rebound.
15:21 of 3rd period - Matthew Highmore wins face-off versus Jason Dickinson in Little Stars zone.
15:28 of 3rd period - Snap shot by Kole Sherwood.
15:28 of 3rd period - Stopped by Danil Tarasov with a rebound.
17:48 of 3rd period - Minor Penalty to Aidan Mcdonough for Tripping.
17:49 of 3rd period - Aleksi Saarela wins face-off versus Daniel O'regan in Little Stars zone.
18:22 of 3rd period - Slapshot by Rasmus Dahlin.
18:22 of 3rd period - Shot Blocked by Reece Willcox.
19:48 of 3rd period - Penalty to Aidan Mcdonough is over, Aidan Mcdonough is back on ice.
19:49 of 3rd period - Samuel Girard is hit by Keaton Thompson and loses puck.
Goals for this period are 0 for Little Stars vs 3 for Marlies.
Shots for this period are 6 for Little Stars vs 12 for Marlies.